 Dungeon Crawl Stone Soup version 0.22.1-1-ga44c0e56f4 (webtiles) character file.

13154 LLavrengius the Black Sun (level 11, 0/93 HPs)
             Began as a Mummy Necromancer on Oct 31, 2018.
             Was a High Priest of Kikubaaqudgha.
             Slain by a centaur warrior (10 damage)
             ... on level 12 of the Dungeon on Nov 1, 2018.
             The game lasted 01:25:10 (14851 turns).

LLavrengius the Black Sun (Mummy Necromancer)      Turns: 14851, Time: 01:25:10

Health: 0/93       AC:  7    Str: 15    XL:     11   Next: 71%
Magic:  0/32       EV: 16    Int: 19    God:    Kikubaaqudgha [*****.]
Gold:   571        SH:  0    Dex: 13    Spells: 6/26 levels left

rFire    . . .     SeeInvis .   H - +7 broad axe of Spontaneous Combustion {elec, rC+ Dex+3}
rCold    + + .     Gourm    .   (no shield)
rNeg     + + +     Faith    .   u - +1 leather armour of the Robin {rPois rF+ Int+5 Dex-3}
rPois    ∞         Spirit   +   B - +0 helmet
rElec    .         Reflect  .   L - +0 cloak
rCorr    .         Harm     .   (no gloves)
MR       +....                  A - +0 pair of boots
Stlth    ++........             f - amulet of guardian spirit
HPRegen  0.25/turn              p - ring of magical power
MPRegen  0.23/turn              G - +4 ring of evasion

@: no status effects
A: no food or potions, fire vulnerability, cold resistance 1, negative energy
resistance 3, torment resistance, unbreathing
a: Receive Corpses, Torment, Renounce Religion


You were on level 12 of the Dungeon.
You worshipped Kikubaaqudgha.
Kikubaaqudgha was extremely pleased with you.
You were not hungry.

You visited 1 branch of the dungeon, and saw 12 of its levels.
You visited the Abyss 1 time.
You also visited: Sewer.

You collected 620 gold pieces.
You spent 49 gold pieces at shops.

Inventory:

Hand Weapons
 b - a +0 blowgun
 h - the +5 broad axe "Cijen" {antimagic, rC+ Int+4}
   (You found it on level 6 of the Dungeon)

   It reduces the magical energy of the wielder, and disrupts the spells and
   magical abilities of those hit.
   Natural abilities and divine invocations are not affected.
   It affects your intelligence (+4).
   It protects you from cold.
 o - a +0 hunting sling
 v - a +2 trident of venom
 H - the +7 broad axe of Spontaneous Combustion (weapon) {elec, rC+ Dex+3}
   (You found it on level 5 of the Dungeon)

   Occasionally, upon striking a foe, it will discharge some electrical energy
   and cause terrible harm.
   It affects your dexterity (+3).
   It protects you from cold.
 I - a +1 whip of freezing
 O - a +0 long sword
 S - a +2 trident
Missiles
 e - 212 stones
 n - 15 tomahawks (quivered)
 z - 5 throwing nets
 M - 59 poisoned needles
 Q - 7 javelins
Armour
 g - a scarf of cloud immunity
 i - a +0 chain mail
 q - a +1 large shield
 u - the +1 leather armour of the Robin (worn) {rPois rF+ Int+5 Dex-3}
   (You found it on level 7 of the Dungeon)

   It affects your intelligence (+5).
   It affects your dexterity (-3).
   It protects you from fire.
   It protects you from poison.
 A - a +0 pair of boots (worn)
 B - a +0 helmet (worn)
 J - a +0 robe of the Archmagi
 L - a +0 cloak (worn)
Jewellery
 f - an amulet of guardian spirit (around neck)
 m - an uncursed ring of wizardry
 p - a ring of magical power (left hand)
 y - an uncursed ring of wizardry
 E - an uncursed ring of protection from fire
 G - a +4 ring of evasion (right hand)
 V - a cursed -2 ring of intelligence {unknown}
Wands
 j - a wand of enslavement (8)
 w - a wand of iceblast (24)
 D - a wand of acid (7)
 F - a wand of polymorph (15)
 K - a wand of paralysis (37)
 R - a wand of random effects (29)
 W - a wand of clouds (2)
Scrolls
 c - 2 scrolls of noise
 d - 2 scrolls of immolation {unknown}
 k - 2 scrolls of enchant armour
 l - 3 scrolls of fear
 r - 2 scrolls of enchant weapon {unknown}
 s - 5 scrolls of amnesia
 t - 4 scrolls of teleportation
 x - 3 scrolls of fog {unknown}
 C - 2 scrolls of random uselessness {unknown}
 N - 3 scrolls of magic mapping
 P - a scroll of vulnerability {unknown}
 T - a scroll of remove curse
 U - a scroll of silence {unknown}


   Skills:
 + Level 11.0 Fighting
 - Level 5.0 Axes
 - Level 1.5 Dodging
 - Level 1.5 Stealth
 - Level 8.0 Spellcasting
 - Level 4.0 Conjurations
 - Level 4.1 Hexes
 + Level 11.3 Necromancy


You had 6 spell levels left.
You knew the following spells:

 Your Spells              Type           Power        Failure   Level  Hunger
a - Pain                  Necr           ####         1%          1    N/A
b - Animate Skeleton      Necr           N/A          1%          1    N/A
c - Vampiric Draining     Necr           ######....   1%          3    N/A
d - Animate Dead          Necr           N/A          1%          4    N/A
e - Magic Dart            Conj           ###.         2%          1    N/A
f - Searing Ray           Conj           ###...       3%          2    N/A
g - Dispel Undead         Necr           ######..     3%          5    N/A
h - Dazzling Spray        Conj/Hex       ###...       6%          3    N/A

Your spell library contained the following spells:

 Spells                   Type           Power        Failure   Level  Hunger
 Corpse Rot               Necr           N/A          1%          2    N/A
 Bolt of Draining         Conj/Necr      #####.....   13%         5    N/A
 Death Channel            Necr           ######....   16%         6    N/A
 Fulminant Prism          Conj/Hex       ###.......   22%         4    N/A
 Iskenderun's Mystic Bla  Conj           ###.....     22%         4    N/A
 Excruciating Wounds      Chrm/Necr      ####......   30%         5    N/A
 Force Lance              Conj/Tloc      ###.....     43%         4    N/A
 Regeneration             Chrm/Necr      Unusable     N/A         3    N/A

Dungeon Overview and Level Annotations

Branches:
Dungeon (12/15)            Temple (0/1) D:7            Lair (0/6) D:10
    Orc (0/2) D:9

Altars:
Dithmenos
Gozag
Kikubaaqudgha
Nemelex Xobeh
Okawaru
Qazlal
Ru
Trog
Wu Jian
Zin
The Shining One

Shops:
D:5 :   D:6 !   D:7 ?=[=[   D:8 ==[(   D:10 =


Innate Abilities, Weirdness & Mutations

You do not eat or drink.
Your flesh is vulnerable to fire.
You are immune to poison.
Your flesh is cold resistant. (rC+)
You are immune to negative energy. (rN+++)
You are immune to unholy pain and torment.
You can survive without breathing.


Message History

The centaur warrior hits you!
* * * LOW HITPOINT WARNING * * *
Casting: Vampiric Draining (safe; 1% risk of failure)
Confirm with . or Enter, or press ? or * to list all spells.
Okay, then.
Unknown command.
You slash the centaur warrior!
The centaur warrior is heavily wounded.
The centaur warrior misses you. The centaur warrior hits you!
* * * LOW HITPOINT WARNING * * *
You can't drink.
Unknown command.
You slash the centaur warrior!
The centaur warrior is almost dead.
The centaur warrior hits you but does no damage.
You hit the centaur warrior.
The centaur warrior is almost dead.
The centaur warrior hits you!
You die...
Kikubaaqudgha rasps: "You have failed me!
Welcome... oblivion!"

########################
........................
...................)....
.......@(.....##........
......c.##(.(.##....####
..............##....# #
....................# #
....................####
........................
######+#######..........
#.......... #..........


You could see a centaur warrior.

Vanquished Creatures
  The ghost of martinkus the Tainter, a journeyman DsWn of Okawaru (D:11)
  A centaur warrior (D:10)
  A two-headed ogre (D:9)
  Pikel (D:5)
  An ugly thing (D:11)
  A cyclops (D:11)
  A redback zombie (D:11)
  3 trolls
  Grinder (D:5)
  2 hornets
  4 hippogriffs
  A wraith (D:11)
  6 yaks (D:11)
  A hungry ghost (D:10)
  2 soldier ants (D:8)
  A swamp drake (D:9)
  6 sky beasts
  4 ice beasts
  A black bear (D:11)
  7 orc warriors
  9 ogres
  4 phantoms
  9 centaurs
  A big kobold (D:11)
  4 bullfrogs
  A gnoll sergeant (D:11)
  A water moccasin zombie (D:5)
  A wyvern skeleton (D:7)
  5 scorpions
  7 killer bees
  7 wights
  3 howler monkeys
  2 jellies (D:7)
  2 bullfrog zombies
  A crimson imp (D:7)
  7 hounds
  5 orc priests
  11 orc wizards
  3 centaur skeletons
  Crazy Yiuf (D:5)
  Ijyb (D:4)
  5 iguanas
  3 worker ants
  Natasha (thrice) (D:4)
  A worker ant zombie (D:7)
  3 gnolls (D:11)
  A river rat (D:6)
  17 adders
  2 shadow imps (D:11)
  2 oozes
  An adder zombie (D:9)
  4 worms
  6 dart slugs
  10 leopard geckos
  46 orcs
  10 bats
  7 giant cockroaches
  6 goblins
  6 hobgoblins
  17 jackals
  A quokka (D:4)
  6 ball pythons
  6 frilled lizards
  10 kobolds
  8 rats
  2 plants (Sewer)
314 creatures vanquished.

Vanquished Creatures (collateral kills)
  2 crimson imps (D:6)
  An orc wizard (D:9)
  An adder (D:6)
  2 dart slugs (D:3)
  2 orcs
  A giant cockroach (D:3)
9 creatures vanquished.

Vanquished Creatures (others)
  A porcupine (D:5)
  A slave (D:5)
2 creatures vanquished.

Grand Total: 325 creatures vanquished

Notes
Turn   | Place    | Note
-------+----------+-------------------------------------------
     0 | D:1      | LLavrengius the Mummy Necromancer began the quest for the
                  | Orb.
     0 | D:1      | Reached XP level 1. HP: 13/13 MP: 4/4
   166 | D:1      | Reached XP level 2. HP: 20/20 MP: 4/6
   245 | D:1      | Found a sparkling altar of Nemelex Xobeh.
   419 | D:1      | Reached skill level 1 in Fighting
   959 | D:1      | Reached XP level 3. HP: 26/26 MP: 2/8
  1081 | D:1      | Learned a level 1 spell: Animate Skeleton
  1085 | D:1      | Learned a level 3 spell: Vampiric Draining
  1480 | D:2      | Found an ancient bone altar of Kikubaaqudgha.
  1499 | D:2      | Became a worshipper of Kikubaaqudgha
  1791 | D:2      | Found an opulent altar of Gozag.
  1798 | D:2      | Found a glowing silver altar of Zin.
  2086 | D:2      | Found a faded altar of an unknown god.
  2540 | D:3      | Reached XP level 4. HP: 30/32 MP: 1/10
  2616 | D:3      | Learned a level 4 spell: Animate Dead
  2926 | D:3      | Reached skill level 5 in Necromancy
  3280 | D:3      | Reached XP level 5. HP: 33/38 MP: 11/11
  3545 | D:3      | You fall through a shaft!
  3570 | D:4      | Reached * piety under Kikubaaqudgha
  3570 | D:4      | Identified Kikubaaqudgha's Incunabulum of Necromancy
                  | (Kikubaaqudgha gifted it to you on level 4 of the Dungeon)
  3570 | D:4      | Received a gift from Kikubaaqudgha
  3647 | D:4      | Noticed Ijyb
  3681 | D:4      | Killed Ijyb
  3709 | D:4      | Noticed an ogre
  3717 | D:4      | Killed an ogre
  3717 | D:4      | Reached XP level 6. HP: 33/47 MP: 9/12
  3853 | D:4      | Cast into level 1 of the Abyss (a distortion unwield)
  3904 | Abyss:1  | Noticed a ynoxinul
  3922 | Abyss:1  | Noticed a starcursed mass
  3967 | Abyss:1  | Noticed an apocalypse crab
  3967 | Abyss:1  | Paralysed by an apocalypse crab for 3 turns
  3990 | D:4      | Escaped the Abyss
  4467 | D:4      | Noticed Natasha
  4497 | D:4      | Killed Natasha
  4497 | D:4      | Reached XP level 7. HP: 53/53 MP: 13/13
  4649 | D:4      | Found an iron altar of Okawaru.
  4732 | D:4      | Noticed Natasha
  4741 | D:4      | Killed Natasha
  4842 | D:4      | Noticed Natasha
  4848 | D:4      | Killed Natasha
  5065 | D:5      | Entered Level 5 of the Dungeon
  5127 | D:5      | Got a crystal broad axe
  5320 | D:5      | Noticed Pikel
  5341 | D:5      | Killed Pikel
  5341 | D:5      | Reached skill level 5 in Fighting
  5341 | D:5      | Reached XP level 8. HP: 54/63 MP: 11/14
  5427 | D:5      | Noticed Grinder
  5441 | D:5      | Paralysed by Grinder for 3 turns
  5451 | D:5      | Killed Grinder
  5478 | D:5      | Found Voudgh's Book Boutique.
  5718 | D:5      | Learned a level 1 spell: Magic Dart
  5749 | D:5      | Found a runed door.
  5944 | D:5      | Noticed Crazy Yiuf
  5948 | D:5      | Killed Crazy Yiuf
  6091 | D:6      | Found a glowing drain.
  6117 | D:6      | Reached ** piety under Kikubaaqudgha
  6125 | Sewer    | Entered a sewer
  6860 | D:6      | Reached skill level 1 in Conjurations
  6938 | D:6      | Found Zeucw's Distillery.
  7011 | D:6      | Found a stormy altar of Qazlal.
  7115 | D:6      | Identified the +7 broad axe of Spontaneous Combustion
                  | {elec, rC+ Dex+3} (You found it on level 5 of the Dungeon)
  7217 | D:6      | Reached XP level 9. HP: 64/69 MP: 16/16
  7260 | D:6      | Got an ebony broad axe
  7261 | D:6      | Identified the +5 broad axe "Cijen" {antimagic, rC+ Int+4}
                  | (You found it on level 6 of the Dungeon)
  7450 | D:6      | Reached skill level 5 in Spellcasting
  7450 | D:6      | Reached skill level 10 in Necromancy
  7623 | D:7      | Found Vufiom's Jewellery Emporium.
  7783 | D:7      | Found a staircase to the Ecumenical Temple.
  7800 | D:7      | Identified the cursed +1 leather armour of the Robin {rPois
                  | rF+ Int+5 Dex-3} (You found it on level 7 of the Dungeon)
  8088 | D:7      | Learned a level 2 spell: Searing Ray
  8133 | D:7      | Found Goahuh's Antique Armour Boutique.
  8276 | D:7      | Found Japenood's Jewellery Shoppe.
  8343 | D:7      | Found Wanewo's Armour Shoppe.
  8459 | D:7      | Reached *** piety under Kikubaaqudgha
  8459 | D:7      | Identified Kikubaaqudgha's Grimoire of Evil (Kikubaaqudgha
                  | gifted it to you on level 7 of the Dungeon)
  8459 | D:7      | Received a gift from Kikubaaqudgha
  8467 | D:7      | Learned a level 5 spell: Dispel Undead
  8474 | D:7      | Found Poshreug's Magic Scroll Shoppe.
  8482 | D:7      | Bought a scroll of fear for 49 gold pieces
  8572 | D:8      | Found Zybakhluif's Jewellery Emporium.
  8627 | D:8      | Found a sparkling altar of Nemelex Xobeh.
  8666 | D:8      | Found Huugij's Jewellery Emporium.
  9117 | D:8      | Found Nuwkon's Weapon Emporium.
  9193 | D:8      | Reached XP level 10. HP: 64/80 MP: 21/21
  9303 | D:8      | Found Gueluf's Antique Armour Boutique.
  9505 | D:9      | Reached skill level 1 in Axes
  9793 | D:9      | Noticed a two-headed ogre
  9837 | D:9      | Killed a two-headed ogre
 10236 | D:9      | Found a shadowy altar of Dithmenos.
 10238 | D:9      | Found a glowing golden altar of the Shining One.
 10238 | D:9      | Found a sacrificial altar of Ru.
 10238 | D:9      | Found an ornate altar of the Wu Jian Council.
 10501 | D:9      | Reached **** piety under Kikubaaqudgha
 10719 | D:9      | Found a staircase to the Orcish Mines.
 10983 | D:9      | Found a bloodstained altar of Trog.
 11194 | D:10     | Entered Level 10 of the Dungeon
 11288 | D:10     | Noticed a centaur warrior
 11296 | D:10     | Killed a centaur warrior
 11413 | D:10     | Reached skill level 5 in Axes
 11486 | D:10     | Learned a level 3 spell: Dazzling Spray
 11639 | D:10     | Found Hecucic's Jewellery Shop.
 11755 | D:10     | Reached XP level 11. HP: 88/90 MP: 23/23
 11778 | D:10     | Reached skill level 1 in Hexes
 11844 | D:10     | Reached skill level 10 in Fighting
 11993 | D:10     | Found a staircase to the Lair.
 12416 | D:11     | Noticed a green ugly thing
 12493 | D:11     | Reached ***** piety under Kikubaaqudgha
 12554 | D:11     | Killed a green ugly thing
 12634 | D:11     | Noticed a brown ugly thing
 13698 | D:11     | Noticed martinkus's ghost (journeyman DsWn)
 13715 | D:11     | Found a runed gate.
 13715 | D:11     | Found a runed gate.
 13715 | D:11     | Found a runed gate.
 13752 | D:11     | Killed martinkus's ghost
 14054 | D:11     | Noticed a two-headed ogre
 14118 | D:11     | Noticed a death knight
 14839 | D:12     | Noticed a centaur warrior
 14851 | D:12     | Slain by a centaur warrior

Skill      XL: |  1  2  3  4  5  6  7  8  9 10 11 |
---------------+----------------------------------+-----
Spellcasting   | 3 4 7 8 |  8.0
Fighting       | 1 2 3 5 6 7 9 11 | 11.0
Necromancy     | 5 6 7 9 10 11 | 11.3
Conjurations   | 1 3 4 |  4.0
Axes           | 5 |  5.0
Hexes          | 4 |  4.1
Dodging        | |  1.5
Stealth        | |  1.5

Action                   |  1- 3 |  4- 6 |  7- 9 | 10-12 || total
-------------------------+-------+-------+-------+-------++-------
Melee: Unarmed           |     3 |       |       |       ||     3
       Club              |     1 |       |       |       ||     1
       Short sword       |    11 |    34 |       |       ||    45
       Dagger            |     1 |       |       |       ||     1
       Trident           |       |    13 |   262 |       ||   275
       Falchion          |       |    17 |       |       ||    17
       Broad axe         |       |       |   121 |   328 ||   449
Throw: Stone             |     7 |       |       |       ||     7
       Tomahawk          |       |       |     6 |     5 ||    11
 Cast: Pain              |    86 |    98 |   119 |    38 ||   341
       Animate Dead      |       |     3 |     2 |     3 ||     8
       Vampiric Draining |       |     3 |    14 |    27 ||    44
       Animate Skeleton  |       |     2 |     2 |     2 ||     6
       Dispel Undead     |       |       |       |     5 ||     5
       Magic Dart        |       |       |       |     1 ||     1
       Dazzling Spray    |       |       |       |     1 ||     1
       Searing Ray       |       |       |       |     1 ||     1
  Use: Scroll            |       |     5 |     4 |     8 ||    17
 Stab: Sleeping          |     4 |       |       |     1 ||     5
       Distracted        |       |       |       |     1 ||     1
       Confused          |       |       |       |     2 ||     2
Armor: Robe              |     9 |       |       |       ||     9
       Leather armour    |     6 |       |    24 |   100 ||   130
       Ring mail         |       |    22 |       |       ||    22
       Scale mail        |       |    21 |   176 |       ||   197
Dodge: Dodged            |    32 |    45 |   238 |   315 ||   630
       Rpst.: Falchion   |       |     6 |       |       ||     6
